 Dungeon Crawl Stone Soup version 0.28.0-55-gcd9437bce4 (webtiles) character file.

Game seed: 8993608529401576577

19406 cbfl8 the Severer (level 12, -8/106 HPs)
             Began as a Minotaur Berserker on Jan 5, 2023.
             Was a Priest of Trog.
             Mangled by Urug
             ... wielding a +3 glaive
              (30 damage)
             ... on level 13 of the Dungeon.
             The game lasted 00:18:10 (16896 turns).

cbfl8 the Severer (Minotaur Berserker)             Turns: 16896, Time: 00:18:11

Health: -8/106     AC: 11    Str: 22    XL:     12   Next: 36%
Magic:  11/11      EV: 14    Int:  4    God:    Trog [***...]
Gold:   1067       SH: 11    Dex: 15    Spells: 11/11 levels left

rFire   . . .      SeeInvis .   K - +0 broad axe
rCold   + . .      Faith    .   L - +2 buckler
rNeg    . . .      Spirit   .   B - +0 chain mail
rPois   .          Reflect  .   A - +1 hat
rElec   .          Harm     .   (no cloak)
rCorr   .          Rampage  .   (no gloves)
Will    .....                   (no boots)
Stlth   ..........              Q - amulet of regeneration
HPRegen 1.07/turn               h - ring of protection from cold
MPRegen 0.12/turn               f - +4 ring of evasion

@: no status effects
A: horns 2, retaliatory headbutt, large bone plates 1, MP-powered wands
a: Renounce Religion, Berserk, Trog's Hand


You were on level 13 of the Dungeon.
You worshipped Trog.
Trog was most pleased with you.
You visited 1 branch of the dungeon, and saw 13 of its levels.
You also visited: Ossuary.

You collected 1067 gold pieces.

Inventory:

Hand Weapons
 v - a +0 battleaxe
 K - a +0 broad axe (weapon)
Missiles
 x - 3 throwing nets
Armour
 A - a +1 hat (worn)
 B - a +0 chain mail (worn)
 L - a +2 buckler (worn)
Jewellery
 f - a +4 ring of evasion (right hand)
 h - a ring of protection from cold (left hand)
 O - a ring of positive energy
 Q - an amulet of regeneration (around neck)
 R - a ring of resist corrosion
Wands
 b - a wand of acid (6)
 g - a wand of flame (22)
 w - a wand of paralysis (6) (quivered)
 y - a wand of polymorph (23)
 M - a wand of iceblast (11)
Scrolls
 i - 3 scrolls of immolation
 j - 8 scrolls of teleportation
 m - a scroll of acquirement {unknown}
 o - a scroll of summoning
 r - a scroll of vulnerability {unknown}
 s - 5 scrolls of noise
 t - 2 scrolls of fog
 u - a scroll of holy word
 E - a scroll of enchant armour {unknown}
 H - a scroll of magic mapping {unknown}
Potions
 d - 3 potions of resistance
 e - 6 potions of curing
 k - 4 potions of brilliance {unknown}
 n - 7 potions of attraction
 p - a potion of haste {unknown}
 q - 3 potions of lignification {unknown}
 z - 3 potions of heal wounds {unknown}
 C - a potion of ambrosia {unknown}
 D - 4 potions of mutation
 F - 2 potions of magic {unknown}
 G - a potion of berserk rage
 I - 2 potions of might {unknown}
 J - a potion of flight {unknown}
 N - 2 potions of degeneration {unknown}


   Skills:
 + Level 9.9 Fighting
 * Level 17.3 Axes
 + Level 7.7 Armour
 + Level 6.1 Dodging
 + Level 3.1 Stealth
 + Level 5.2 Shields
 * Level 6.9 Evocations


You had 11 spell levels left.
You didn't know any spells.
Your spell library was empty.

Dungeon Overview and Level Annotations

Branches:
Dungeon (13/15)            Temple (0/1) D:7            Lair (0/6) D:11
    Orc (0/2) D:11        Ossuary (visited)
 Vaults: D:13-14

Altars:
Ashenzari
Cheibriados
Elyvilon
Hepliaklqana
Kikubaaqudgha
Qazlal
Ru
Uskayaw
Vehumet
Yredelemnul
Zin
The Shining One

Annotations:
D:9 2 transporters
D:10 6 transporters
D:13 Erolcha, Urug


Innate Abilities, Weirdness & Mutations

You have a pair of horns on your head.
You reflexively headbutt those who attack you in melee.
You are partially covered in large bone plates. (SH +4)
You expend magic power (3 MP) to strengthen your wands.


Message History

Urug is moderately wounded.
You hit Urug.
Urug is moderately wounded.
You block Urug's attack.
You barely miss Urug.
Urug is moderately wounded.
Urug hits you with a +3 glaive!
You closely miss Urug.
Urug is moderately wounded.
Urug hits you with a +3 glaive!
You closely miss Urug.
Urug is moderately wounded.
Urug closely misses you. You furiously retaliate!
You headbutt Urug.
You're still recovering from your berserk rage.
You slash Urug!
Urug is heavily wounded.
You hit Urug but do no damage. You headbutt Urug, but do no damage.
Urug is heavily wounded.
Urug hits you with a +3 glaive!!
You hit Urug but do no damage.
Urug is heavily wounded.
Urug misses you.
You barely miss Urug. Your headbutt misses Urug.
Urug is heavily wounded.
You block Urug's attack.
You slash Urug!
Urug is severely wounded.
Urug hits you with a +3 glaive!!
You slash Urug!
Urug is severely wounded.
You closely miss Urug.
Urug is severely wounded.
Urug hits you with a +3 glaive!!
* * * LOW HITPOINT WARNING * * *
You barely miss Urug.
Urug is severely wounded.
You recover from your berserk rage.
Urug screams, "I'm goin' to kill you!
Now!"
Urug hits you with a +3 glaive!!
You die...

... #.# . #.######
.. #...... ...^
.....###
..#..###(#....#
##............#
.... #.o#.##.#
#..##.@.....####
#.....)........#
....##..........#
... #<[.........#
.. #.[.........# .
## #...........# #.
#. #...........#
#..#.###..........#
..................#


You could see Urug.

Vanquished Creatures
  Rupert (D:13)
  A tengu warrior (D:13)
  3 two-headed ogres
  Nergalle (D:10)
  Pikel (D:4)
  A necromancer (D:9)
  An ugly thing (D:13)
  A cyclops (D:13)
  2 manticores
  An elephant (D:11)
  2 gargoyles (D:12)
  A komodo dragon (D:10)
  A tengu conjurer (D:13)
  3 trolls
  Prince Ribbit (D:5)
  5 wraiths
  A wyvern (D:11)
  26 yaks
  3 steam dragons
  Eustachio (D:4)
  Grum (D:11)
  2 vampire mosquitoes
  Edmund (D:5)
  2 acid dragons (D:11)
  2 water moccasins
  7 orc warriors
  An ice beast (D:7)
  A sky beast (D:8)
  3 wolves (D:11)
  2 black bears (D:11)
  4 ogres
  12 centaurs
  A phantom (D:7)
  3 kobold brigands
  Blork the orc (D:4)
  A bullfrog (D:9)
  2 scorpions
  7 killer bees
  3 howler monkeys
  2 centaur zombies
  3 jellies
  3 orc priests
  Ijyb (D:5)
  A gnoll shaman (D:4)
  4 hounds
  6 orc wizards
  A yak simulacrum (D:9)
  A killer bee zombie (D:8)
  4 polar bear simulacra (D:9)
  4 wolf simulacra (D:9)
  8 mummies (Ossuary)
  9 gnolls
  4 adders
  2 shadow imps
  2 ufetubi (D:7)
  13 dart slugs
  20 orcs
  7 ball pythons
  5 endoplasms
  3 giant cockroaches
  2 gnoll zombies (Ossuary)
  6 goblins
  3 hobgoblins (D:1)
  6 jackals
  18 kobolds
  4 quokkas
  5 bats
  4 frilled lizards
  3 hobgoblin zombies (Ossuary)
  A kobold zombie (Ossuary)
  2 orc zombies (Ossuary)
  2 rats
  2 river rat simulacra (D:9)
  A spectral orc (D:9)
275 creatures vanquished.

Vanquished Creatures (others)
  3 fungi
  4 plants
7 creatures vanquished.

Grand Total: 282 creatures vanquished

Notes
Turn   | Place    | Note
-------+----------+-------------------------------------------
     0 | D:1      | cbfl8 the Minotaur Berserker began the quest for the Orb.
     0 | D:1      | Reached XP level 1. HP: 19/19 MP: 0/0
   245 | D:1      | Reached skill level 4 in Axes
   245 | D:1      | Reached XP level 2. HP: 22/27 MP: 1/1
   908 | D:1      | Reached ** piety under Trog
   999 | D:1      | Reached XP level 3. HP: 33/33 MP: 2/2
  1114 | D:1      | Found a faded altar of an unknown god.
  1652 | D:2      | Found a stormy altar of Qazlal.
  2257 | D:3      | Found a white marble altar of Elyvilon.
  2263 | D:3      | Found a sacrificial altar of Ru.
  2339 | D:3      | Found a glowing silver altar of Zin.
  2340 | D:3      | Found a glowing golden altar of the Shining One.
  2470 | D:3      | Found a snail-covered altar of Cheibriados.
  2600 | D:4      | Reached XP level 4. HP: 31/41 MP: 3/3
  2725 | D:4      | Noticed an ogre
  2732 | D:4      | Killed an ogre
  2733 | D:4      | Reached skill level 5 in Axes
  2733 | D:4      | Reached XP level 5. HP: 47/47 MP: 4/4
  2755 | D:4      | Reached skill level 1 in Stealth
  2777 | D:4      | Noticed an ogre
  2782 | D:4      | Killed an ogre
  2783 | D:4      | Reached skill level 6 in Axes
  2893 | D:4      | Found a stormy altar of Qazlal.
  2941 | D:4      | Noticed Blork the orc
  2948 | D:4      | Killed Blork the orc
  2949 | D:4      | Reached skill level 5 in Fighting
  2949 | D:4      | Reached XP level 6. HP: 47/56 MP: 5/5
  3189 | D:4      | Noticed Eustachio
  3199 | D:4      | Killed Eustachio
  3200 | D:4      | Reached skill level 7 in Axes
  3302 | D:4      | Reached XP level 7. HP: 47/61 MP: 6/6
  3419 | D:4      | Reached skill level 1 in Evocations
  3496 | D:4      | Noticed Pikel
  3504 | D:4      | Killed Pikel
  3505 | D:4      | Reached skill level 9 in Axes
  3505 | D:4      | Reached XP level 8. HP: 69/69 MP: 7/7
  3696 | D:5      | Entered Level 5 of the Dungeon
  3934 | D:5      | Reached *** piety under Trog
  4121 | D:5      | Noticed Prince Ribbit
  4135 | D:5      | Killed Prince Ribbit
  4209 | D:5      | Noticed Ijyb
  4219 | D:5      | Killed Ijyb
  4609 | D:5      | Noticed Edmund
  4624 | D:5      | Killed Edmund
  4625 | D:5      | Reached skill level 10 in Axes
  5723 | D:6      | Reached skill level 5 in Dodging
  5855 | D:6      | Found a radiant altar of Vehumet.
  5973 | D:6      | Reached XP level 9. HP: 38/75 MP: 8/8
  6771 | D:7      | Reached skill level 11 in Axes
  6852 | D:7      | Found a staircase to the Ecumenical Temple.
  6929 | D:7      | Found a hazy altar of Hepliaklqana.
  7058 | D:7      | Found a sand-covered staircase.
  7081 | Ossuary  | Entered an ossuary
  7131 | Ossuary  | Reached **** piety under Trog
  7679 | D:7      | Reached skill level 12 in Axes
  9152 | D:9      | Noticed a troll
  9290 | D:9      | Reached XP level 10. HP: 79/86 MP: 9/9
  9346 | D:9      | Reached skill level 13 in Axes
  9645 | D:9      | Noticed a necromancer
  9662 | D:9      | Killed a necromancer
 10024 | D:9      | Reached skill level 5 in Armour
 10374 | D:9      | Noticed a stone giant
 10375 | D:9      | Noticed a death knight
 10379 | D:9      | Found a transporter.
 10383 | D:9      | Noticed a tengu warrior
 10422 | D:9      | Reached skill level 5 in Evocations
 10482 | D:9      | Reached skill level 14 in Axes
 10516 | D:9      | Found a transporter.
 10588 | D:9      | Found a broken altar of Ashenzari.
 11247 | D:9      | Found a basalt altar of Yredelemnul.
 11306 | D:9      | Found a hide-covered altar of Uskayaw.
 11306 | D:9      | Found an ancient bone altar of Kikubaaqudgha.
 11461 | D:10     | Entered Level 10 of the Dungeon
 11478 | D:10     | Noticed Nergalle
 11490 | D:10     | Killed Nergalle
 11536 | D:10     | Found a transporter.
 11541 | D:10     | Found a transporter.
 11665 | D:10     | Noticed a two-headed ogre
 11669 | D:10     | Killed a two-headed ogre
 11862 | D:10     | Reached XP level 11. HP: 64/95 MP: 10/10
 12685 | D:10     | Found a transporter.
 12689 | D:10     | Found a transporter.
 12836 | D:10     | Reached skill level 15 in Axes
 12898 | D:10     | Found a transporter.
 12906 | D:10     | Found a transporter.
 13349 | D:11     | Found a staircase to the Orcish Mines.
 13933 | D:11     | Noticed a two-headed ogre
 13953 | D:11     | Killed a two-headed ogre
 14057 | D:11     | Reached ***** piety under Trog
 14058 | D:11     | Reached skill level 16 in Axes
 14132 | D:11     | Found a staircase to the Lair.
 14132 | D:11     | Noticed Grum
 14159 | D:11     | Killed Grum
 14853 | D:12     | Noticed a two-headed ogre
 14868 | D:12     | Killed a two-headed ogre
 15548 | D:12     | Reached XP level 12. HP: 72/105 MP: 11/11
 16244 | D:13     | Noticed Rupert
 16248 | D:13     | Reached skill level 17 in Axes
 16519 | D:13     | Noticed Erolcha
 16519 | D:13     | Noticed an eight-headed hydra
 16531 | D:13     | Noticed a tengu warrior
 16541 | D:13     | Killed Rupert
 16542 | D:13     | Reached skill level 5 in Shields
 16547 | D:13     | HP: 5/106 [tengu warrior/+0 great sword[a tengu conjurer]
                  | (4)]
 16549 | D:13     | Gained mutation: You are partially covered in large bone
                  | plates. (SH +4) [potion of mutation]
 16549 | D:13     | Gained mutation: You expend magic power (3 MP) to
                  | strengthen your wands. [potion of mutation]
 16550 | D:13     | HP: 1/106 [tengu warrior/+0 great sword[a tengu conjurer]
                  | (15)]
 16848 | D:13     | Killed a tengu warrior
 16880 | D:13     | Noticed Urug
 16896 | D:13     | Mangled by Urug

Illustrated notes

Levels and vault maps discovered:
D:1:      dpeg_arrival_simpleton_b, layout_loops_ring,
          shapermc_ecumenical_altar_mp_urbaneastern, st_stairs_11
D:2:      layout_rooms, basic_altar
D:3:      layout_basic, good_gods_temple_1, nicolae_ru_awakened_eye,
          chei_slow_surprise, serial_aquarium, aquarium_bridge_straight
          [aquarium_subvault_bridge, aquarium_subvault_window,
          aquarium_subvault_bridge, aquarium_subvault_wall], aquarium_window_2,
          aquarium_window_fake, aquarium_window_2, aquarium_view_2g,
          aquarium_pool_corner
D:4:      layout_loops_ring, old_standard_altar, uniq_blork_the_orc, uniq_pikel,
          uniq_eustachio
D:5:      kennysheep_slugbush, layout_loops_ring, uniq_ijyb, uniq_edmund,
          uniq_prince_ribbit1
D:6:      layout_basic, mainiacjoe_overflow_24_doors, kennysheep_doodads
D:7:      layout_cave_pools, nicolae_hepliaklqana_hippocampus,
          minmay_temple_entry_trees, nicolae_ossuary_entry_ruins,
          minmay_crystal_room
D:8:      layout_gridville, hangedman_abyss_or_decor_stagger,
          amcnicky_mini_pool_small, minmay_misc_feat_columns,
          corexii_corridor_pit, kennysheep_generic_room_6
D:9:      layout_cave_pools, gammafunk_temple_overflow_arena,
          yredelemnul_forgotten_temple_becter, eino_house_with_fridge
D:10:     layout_layer_cave, eino_tiny_chamber, serial_nicolae_subway,
          nicolae_sub_station_metal, nicolae_sub_station_stone,
          nicolae_sub_station_crystal, uniq_nergalle
D:11:     layout_rooms, david_lair_generic, orc_david_3, minmay_misc_feat_room,
          uniq_grum
D:12:     layout_gridville
D:13:     layout_basic, erik_vaults_1, gauntlet_entry_generic, uniq_urug,
          uniq_rupert, uniq_erolcha

Skill      XL: |  1  2  3  4  5  6  7  8  9 10 11 12 |
---------------+-------------------------------------+-----
Axes           | 4 5 6 7 9 10 12 14 16 17 | 17.3
Fighting       | 4 5 6 7 8 9 |  9.9
Stealth        | 1 2 3 |  3.1
Dodging        | 3 4 5 6 |  6.1
Evocations     | 2 3 4 5 6 |  6.9
Armour         | 3 4 5 6 7 |  7.7
Shields        | 2 4 5 |  5.2

Action                   |  1- 3 |  4- 6 |  7- 9 | 10-12 || total
-------------------------+-------+-------+-------+-------++-------
Melee: Hand axe          |   102 |    21 |       |       ||   123
       Headbutt          |     6 |     8 |    39 |    88 ||   141
       Punch             |     1 |       |       |       ||     1
       Battleaxe         |       |    15 |    18 |       ||    33
       War axe           |       |       |   162 |       ||   162
       Broad axe         |       |       |    58 |   347 ||   405
Throw: Throwing net      |       |       |     1 |       ||     1
Invok: Berserk           |       |     3 |     7 |    11 ||    21
       Trog's Hand       |       |       |     2 |       ||     2
Evoke: Wand              |       |       |       |    10 ||    10
  Use: Scroll            |     5 |     1 |     5 |     6 ||    17
       Potion            |       |       |       |     2 ||     2
 Stab: Sleeping          |     1 |     1 |     1 |       ||     3
Armor: Animal skin       |    16 |     1 |     7 |       ||    24
       Chain mail        |       |       |    67 |   128 ||   195
Dodge: Dodged            |    70 |    34 |   183 |   227 ||   514
Block: Buckler           |       |       |    13 |   156 ||   169
